Get step-by-step instructions on how to execute this build order below. Start the game timer, and the build order will tick by so you can play in parallel with StarCraft on a second screen or mobile device.

Game Time

  0:00

Last Step

  N/A

Next Step

  12  0:01  SCV  

Upcoming Step

  13  0:22  SCV  

Don't want to look back and forth between 2 screens? Try out our Overwolf App, the Spawning Tool Build Advisor to get an in-game overlay with this build!

Complete Build Order

  12  0:01  SCV  
  13  0:22  SCV  
  13  0:25  Supply Depot  
  14  0:34  SCV, Refinery  
  15  0:46  SCV  
  16  0:51  Barracks  
  16  0:59  SCV  
  17  1:11  SCV  
  18  1:38  Orbital Command  
  18  1:42  Supply Depot  
  18  1:44  Barracks Reactor  
  18  2:06  SCV  
  19  2:13  Refinery  
  19  2:18  SCV  
  19  2:22  Marine x2, Barracks  
  22  2:30  Command Center  
  22  2:37  SCV  
  22  2:39  Marine  
  22  2:40  Marine  
  25  2:49  SCV  
  26  2:56  Barracks  
  26  2:57  Marine x2  
  28  3:01  SCV  
  29  3:13  SCV  
  29  3:14  Barracks Tech Lab  
  29  3:19  Ghost Academy  
  30  3:30  Supply Depot  
  30  3:36  Stimpack  
  30  3:42  Marauder  
  30  3:48  Orbital Command, Refinery  
  32  3:53  Supply Depot  
  32  3:55  Barracks Tech Lab  
  32  3:59  Marine x2  
  34  4:03  Ghost  
  34  4:08  Refinery  
  37  4:10  Supply Depot  
  36  4:24  Marine x2  
  38  4:37  Ghost  
  41  4:42  Marine x2  
  43  4:46  SCV x2  
  45  4:58  SCV x2  
  47  5:10  SCV  
  48  5:22  SCV  
  48  5:27  Supply Depot  
  49  5:29  Combat Shield  
  49  5:31  Concussive Shells  
  49  5:34  SCV  
  50  5:37  SCV  
  51  5:46  SCV  
  51  5:49  SCV  
  53  5:50  Personal Cloaking  
  53  5:53  Supply Depot  
  53  5:59  SCV  
  53  6:01  SCV, Marauder x2  
  53  6:02  Marine x2  
  61  6:11  SCV  
  62  6:14  SCV  
  63  6:19  Marine  
  63  6:21  Factory  
  63  6:23  SCV  
  65  6:26  SCV  
  66  6:35  SCV, Marine  
  66  6:36  Marine  
  66  6:37  Marine  
  66  6:38  Ghost  
  73  6:45  Factory  
  73  6:53  Marine x2  
  75  6:55  Marine  
  76  7:08  Marauder  
  78  7:12  Marauder  
  79  7:28  Nuke  
  79  7:29  Marauder  
  78  7:33  Marauder  
  80  7:41  Marine x2  
  82  7:45  Factory Tech Lab  
  82  7:46  Factory Tech Lab  
  82  7:50  Starport, Marauder  
  82  7:51  Starport  
  84  7:55  Marauder  
  86  8:05  Supply Depot  
  86  8:09  Marine x2  
  86  8:10  SCV  
  86  8:12  Marauder  
  91  8:16  Marauder  
  93  8:22  SCV  
  94  8:27  Marine x2  
  94  8:28  Supply Depot  
  94  8:33  Marine  
  97  8:34  SCV  
  97  8:37  Marine, Command Center  
  86  8:45  Marine x2  
  86  8:46  SCV  
  76  8:50  Supply Depot, Marine  
  76  8:55  Marine  
  77  8:58  Viking  
  77  8:59  Viking  
  79  9:03  Marine x2  
  79  9:08  Marine  
  82  9:12  Supply Depot, Marine  
  83  9:17  Cyclone x2  
  83  9:19  Mag-Field Accelerator  
  83  9:21  Infernal Pre-Igniter, Marine  
  90  9:27  Marauder  
  90  9:28  Viking  
  90  9:29  SCV, Viking  
  90  9:31  Marauder  
  98  9:41  SCV  
  99  9:48  Marauder  
  99  9:49  Cyclone x2, Command Center  
  107  9:53  SCV  
  108  10:00  Starport Tech Lab  
  108  10:02  Starport Reactor  
  108  10:05  SCV  
  109  10:09  Engineering Bay  
  109  10:11  Armory  
  109  10:13  Supply Depot  
  109  10:21  Cyclone x2  
  115  10:35  Supply Depot  
  96  10:53  Cyclone x2  
  93  11:03  Medivac x2  
  97  11:17  Ghost x2  
  103  11:18  Marine x2  
  100  11:36  Marine  
  78  12:14  Command Center  
  78  12:27  Marine x4  
  82  12:32  Viking, Medivac x2  
  82  12:36  Cyclone x2  
  94  12:45  Marine x4  
  94  12:46  Terran Infantry Weapons Level 1  
  98  13:02  Marine, Viking x2  
  98  13:03  Marauder x2  
  98  13:05  Supply Depot  
  107  13:08  Cyclone x2  
  107  13:10  Terran Vehicle Weapons Level 1, Refinery x2  
  113  13:23  Viking  
  113  13:25  Marauder x2  
  113  13:27  Marine x2  
  119  13:30  Supply Depot  
  119  13:31  Viking  
  119  13:32  Viking  
  125  13:40  Cyclone x2  
  131  13:44  Marine  
  131  13:45  Marine, Ghost  
  131  13:46  Marauder  
  138  13:52  Supply Depot  
  138  13:53  Viking  
  140  14:00  SCV x2  
  140  14:01  SCV  
  140  14:02  Marine x2  
  143  14:07  Marine  
  146  14:12  Cyclone x2  
  146  14:13  SCV x2  
  146  14:14  Marine  
  146  14:15  Supply Depot, Viking x2  
  159  14:20  Marine x2  
  159  14:23  Viking  
  163  14:25  Marauder  
  165  14:33  Marauder  
  165  14:38  Marine x2  
  167  14:40  Terran Infantry Armor Level 1  
  167  14:44  Cyclone x2  
  175  14:47  Marauder  
  175  14:50  Command Center  
  177  14:53  Raven  
  177  14:54  Marauder  
  181  15:05  Terran Vehicle And Ship Armor Level 1  
  181  15:08  Marauder  
  183  15:15  Marauder  
  183  15:16  Cyclone  
  188  15:54  Orbital Command  
  188  16:02  Supply Depot  
  188  16:08  Command Center  
  188  16:21  Cyclone  
  188  16:23  Cyclone  
  191  16:34  Neosteel Armor  
  188  16:53  Cyclone  
  191  16:57  Marine x4  
  191  16:59  Terran Ship Weapons Level 1  
  195  17:04  Medivac  
  197  17:12  Viking  
  197  17:14  Medivac  
  197  17:19  Marine x2  
  199  17:30  Cyclone  
  199  17:32  Ghost  
  199  17:34  Ghost  
  190  17:42  Viking  
  190  17:50  Orbital Command  
  190  18:00  Ghost  
  190  18:02  Marine x2, Cyclone  
  190  18:03  Marauder  
  200  18:14  Terran Infantry Weapons Level 2  
  194  18:34  Cyclone  
  160  18:53  Terran Vehicle Weapons Level 2  
  135  18:59  Refinery  
  135  19:02  Refinery  
  120  19:06  Cyclone  
  78  19:26  Marine  
  79  19:35  Viking x3  
  79  19:38  Cyclone  
  79  19:44  Starport  
  79  19:45  Starport  
  78  19:49  Armory  
  78  20:05  Viking x3  
  84  20:17  Cyclone x2  
  90  20:29  Terran Infantry Armor Level 2  
  90  20:35  Starport Reactor, Viking x3  
  96  20:36  Starport Tech Lab  
  96  20:49  Cyclone x2  
  98  21:04  Viking  
  98  21:05  Viking x2  
  95  21:21  Cyclone x2  
  95  21:25  Terran Ship Weapons Level 2  
  101  21:27  Orbital Command, Terran Vehicle And Ship Armor Level 2  
  101  21:29  Nuke  
  101  21:35  Viking  
  103  21:42  Viking x2  
  107  21:49  Viking x2  
  107  21:51  Viking  
  107  21:53  Cyclone x2  
  119  22:25  Cyclone x2  
  125  22:34  Refinery x2  
  125  22:57  Cyclone  
  125  22:58  Cyclone  
  127  23:22  Viking x6  
  139  23:29  Cyclone  
  139  23:30  Cyclone  
  145  23:52  Marine x4, Viking x6  
  161  24:02  Cyclone, Hellion  
  166  24:10  Marine x4  
  171  24:28  Marine x4